Workbook

Sheet Checklist
A1: GoBisnix Internal Controls Checklist
A2: Financial Governance Advisory for Growing PNG Businesses
A3: Total Controls | B3: =COUNTA(B7:B300) -> 12 | C3: Score Achieved | D3: =SUM(F7:F300) -> 0 | E3: Maximum Score | F3: =B3*2 -> 24 | G3: Control Strength % | H3: =IF(F3=0,0,D3/F3) -> 0
A4: Maturity Level | B4: =IF(H3<=0.4,"Level 1 - Informal controls",IF(H3<=0.7,"Level 2 - Basic discipline",IF(H3<=0.85,"Level 3 - Structured governance","Level 4 - Strong control environment"))) -> Level 1 - Informal controls
A6: Control Area | B6: Control Description | C6: Exists? | D6: Risk Level | E6: Evidence / Notes | F6: Score | G6: Priority | H6: Action Owner / Due Date
A7: Governance Structure
A8: Governance Structure | B8: Delegation of authority defined | F8: =IF(C8="Yes",2,IF(C8="Partial",1,IF(C8="No",0,""))) | G8: =IF(OR(C8="No",D8="High"),"Immediate",IF(OR(C8="Partial",D8="Medium"),"Planned","Monitor")) -> Monitor
A9: Governance Structure | B9: Financial approval limits documented | F9: =IF(C9="Yes",2,IF(C9="Partial",1,IF(C9="No",0,""))) | G9: =IF(OR(C9="No",D9="High"),"Immediate",IF(OR(C9="Partial",D9="Medium"),"Planned","Monitor")) -> Monitor
A10: Governance Structure | B10: Segregation of duties in finance roles | F10: =IF(C10="Yes",2,IF(C10="Partial",1,IF(C10="No",0,""))) | G10: =IF(OR(C10="No",D10="High"),"Immediate",IF(OR(C10="Partial",D10="Medium"),"Planned","Monitor")) -> Monitor
A11: Financial Reporting
A12: Financial Reporting | B12: Monthly financial statements prepared | F12: =IF(C12="Yes",2,IF(C12="Partial",1,IF(C12="No",0,""))) | G12: =IF(OR(C12="No",D12="High"),"Immediate",IF(OR(C12="Partial",D12="Medium"),"Planned","Monitor")) -> Monitor
A13: Financial Reporting | B13: Budget vs actual performance reviewed | F13: =IF(C13="Yes",2,IF(C13="Partial",1,IF(C13="No",0,""))) | G13: =IF(OR(C13="No",D13="High"),"Immediate",IF(OR(C13="Partial",D13="Medium"),"Planned","Monitor")) -> Monitor
A14: Financial Reporting | B14: Cash flow forecast prepared monthly | F14: =IF(C14="Yes",2,IF(C14="Partial",1,IF(C14="No",0,""))) | G14: =IF(OR(C14="No",D14="High"),"Immediate",IF(OR(C14="Partial",D14="Medium"),"Planned","Monitor")) -> Monitor
A15: Payments & Expenses
A16: Payments & Expenses | B16: Dual approval required for large payments | F16: =IF(C16="Yes",2,IF(C16="Partial",1,IF(C16="No",0,""))) | G16: =IF(OR(C16="No",D16="High"),"Immediate",IF(OR(C16="Partial",D16="Medium"),"Planned","Monitor")) -> Monitor
A17: Payments & Expenses | B17: Supplier invoices verified before payment | F17: =IF(C17="Yes",2,IF(C17="Partial",1,IF(C17="No",0,""))) | G17: =IF(OR(C17="No",D17="High"),"Immediate",IF(OR(C17="Partial",D17="Medium"),"Planned","Monitor")) -> Monitor
A18: Payments & Expenses | B18: Bank reconciliations performed monthly | F18: =IF(C18="Yes",2,IF(C18="Partial",1,IF(C18="No",0,""))) | G18: =IF(OR(C18="No",D18="High"),"Immediate",IF(OR(C18="Partial",D18="Medium"),"Planned","Monitor")) -> Monitor
A19: Risk Oversight
A20: Risk Oversight | B20: Risk register maintained and reviewed | F20: =IF(C20="Yes",2,IF(C20="Partial",1,IF(C20="No",0,""))) | G20: =IF(OR(C20="No",D20="High"),"Immediate",IF(OR(C20="Partial",D20="Medium"),"Planned","Monitor")) -> Monitor
A21: Risk Oversight | B21: Major contracts reviewed for financial exposure | F21: =IF(C21="Yes",2,IF(C21="Partial",1,IF(C21="No",0,""))) | G21: =IF(OR(C21="No",D21="High"),"Immediate",IF(OR(C21="Partial",D21="Medium"),"Planned","Monitor")) -> Monitor
A22: Risk Oversight | B22: Management reviews financial risks quarterly | F22: =IF(C22="Yes",2,IF(C22="Partial",1,IF(C22="No",0,""))) | G22: =IF(OR(C22="No",D22="High"),"Immediate",IF(OR(C22="Partial",D22="Medium"),"Planned","Monitor")) -> Monitor

Sheet Instructions
A1: GoBisnix Internal Controls Self-Assessment
A3: Purpose
A4: Use this checklist to assess whether key internal controls exist, identify control gaps, and prioritise risk treatment.
A6: How to use
A7: 1. Review each control line and select Yes, Partial, or No in the Exists? column.
A8: 2. Select the Risk Level for each line based on the consequence of the control failing.
A9: 3. Add evidence or notes to support your assessment.
A10: 4. Review the Dashboard sheet for the overall governance score, maturity level, and risk profile.
A11: 5. Prioritise remediation actions for controls rated No or High risk.
A14: Scoring guide
A15: Yes | B15: 2 points | D15: Maturity bands
A16: Partial | B16: 1 point | D16: 0% - 40% | E16: High control risk / Informal controls
A17: No | B17: 0 points | D17: 41% - 70% | E17: Moderate control risk / Basic discipline
D18: 71% - 85% | E18: Structured governance
D19: 86% - 100% | E19: Strong control environment

Sheet Risk Assessment
A1: Priority Control Risks
A3: Control Area | B3: Control Description | C3: Exists? | D3: Risk Level | E3: Priority | F3: Recommended Action
A4: =Checklist!A8 -> Governance Structure | B4: =Checklist!B8 -> Delegation of authority defined | C4: =Checklist!C8 -> 0 | D4: =Checklist!D8 -> 0 | E4: =Checklist!G8 -> Monitor | F4: =IF(OR(C4="No",D4="High"),"Implement or strengthen this control as a priority.",IF(OR(C4="Partial",D4="Medium"),"Document and improve this control in the next review cycle.","Continue monitoring.")) -> Continue monitoring.
A5: =Checklist!A9 -> Governance Structure | B5: =Checklist!B9 -> Financial approval limits documented | C5: =Checklist!C9 -> 0 | D5: =Checklist!D9 -> 0 | E5: =Checklist!G9 -> Monitor | F5: =IF(OR(C5="No",D5="High"),"Implement or strengthen this control as a priority.",IF(OR(C5="Partial",D5="Medium"),"Document and improve this control in the next review cycle.","Continue monitoring.")) -> Continue monitoring.
A6: =Checklist!A10 -> Governance Structure | B6: =Checklist!B10 -> Segregation of duties in finance roles | C6: =Checklist!C10 -> 0 | D6: =Checklist!D10 -> 0 | E6: =Checklist!G10 -> Monitor | F6: =IF(OR(C6="No",D6="High"),"Implement or strengthen this control as a priority.",IF(OR(C6="Partial",D6="Medium"),"Document and improve this control in the next review cycle.","Continue monitoring.")) -> Continue monitoring.
A7: =Checklist!A12 -> Financial Reporting | B7: =Checklist!B12 -> Monthly financial statements prepared | C7: =Checklist!C12 -> 0 | D7: =Checklist!D12 -> 0 | E7: =Checklist!G12 -> Monitor | F7: =IF(OR(C7="No",D7="High"),"Implement or strengthen this control as a priority.",IF(OR(C7="Partial",D7="Medium"),"Document and improve this control in the next review cycle.","Continue monitoring.")) -> Continue monitoring.
A8: =Checklist!A13 -> Financial Reporting | B8: =Checklist!B13 -> Budget vs actual performance reviewed | C8: =Checklist!C13 -> 0 | D8: =Checklist!D13 -> 0 | E8: =Checklist!G13 -> Monitor | F8: =IF(OR(C8="No",D8="High"),"Implement or strengthen this control as a priority.",IF(OR(C8="Partial",D8="Medium"),"Document and improve this control in the next review cycle.","Continue monitoring.")) -> Continue monitoring.
A9: =Checklist!A14 -> Financial Reporting | B9: =Checklist!B14 -> Cash flow forecast prepared monthly | C9: =Checklist!C14 -> 0 | D9: =Checklist!D14 -> 0 | E9: =Checklist!G14 -> Monitor | F9: =IF(OR(C9="No",D9="High"),"Implement or strengthen this control as a priority.",IF(OR(C9="Partial",D9="Medium"),"Document and improve this control in the next review cycle.","Continue monitoring.")) -> Continue monitoring.
A10: =Checklist!A16 -> Payments & Expenses | B10: =Checklist!B16 -> Dual approval required for large payments | C10: =Checklist!C16 -> 0 | D10: =Checklist!D16 -> 0 | E10: =Checklist!G16 -> Monitor | F10: =IF(OR(C10="No",D10="High"),"Implement or strengthen this control as a priority.",IF(OR(C10="Partial",D10="Medium"),"Document and improve this control in the next review cycle.","Continue monitoring.")) -> Continue monitoring.
A11: =Checklist!A17 -> Payments & Expenses | B11: =Checklist!B17 -> Supplier invoices verified before payment | C11: =Checklist!C17 -> 0 | D11: =Checklist!D17 -> 0 | E11: =Checklist!G17 -> Monitor | F11: =IF(OR(C11="No",D11="High"),"Implement or strengthen this control as a priority.",IF(OR(C11="Partial",D11="Medium"),"Document and improve this control in the next review cycle.","Continue monitoring.")) -> Continue monitoring.
A12: =Checklist!A18 -> Payments & Expenses | B12: =Checklist!B18 -> Bank reconciliations performed monthly | C12: =Checklist!C18 -> 0 | D12: =Checklist!D18 -> 0 | E12: =Checklist!G18 -> Monitor | F12: =IF(OR(C12="No",D12="High"),"Implement or strengthen this control as a priority.",IF(OR(C12="Partial",D12="Medium"),"Document and improve this control in the next review cycle.","Continue monitoring.")) -> Continue monitoring.
A13: =Checklist!A20 -> Risk Oversight | B13: =Checklist!B20 -> Risk register maintained and reviewed | C13: =Checklist!C20 -> 0 | D13: =Checklist!D20 -> 0 | E13: =Checklist!G20 -> Monitor | F13: =IF(OR(C13="No",D13="High"),"Implement or strengthen this control as a priority.",IF(OR(C13="Partial",D13="Medium"),"Document and improve this control in the next review cycle.","Continue monitoring.")) -> Continue monitoring.
A14: =Checklist!A21 -> Risk Oversight | B14: =Checklist!B21 -> Major contracts reviewed for financial exposure | C14: =Checklist!C21 -> 0 | D14: =Checklist!D21 -> 0 | E14: =Checklist!G21 -> Monitor | F14: =IF(OR(C14="No",D14="High"),"Implement or strengthen this control as a priority.",IF(OR(C14="Partial",D14="Medium"),"Document and improve this control in the next review cycle.","Continue monitoring.")) -> Continue monitoring.
A15: =Checklist!A22 -> Risk Oversight | B15: =Checklist!B22 -> Management reviews financial risks quarterly | C15: =Checklist!C22 -> 0 | D15: =Checklist!D22 -> 0 | E15: =Checklist!G22 -> Monitor | F15: =IF(OR(C15="No",D15="High"),"Implement or strengthen this control as a priority.",IF(OR(C15="Partial",D15="Medium"),"Document and improve this control in the next review cycle.","Continue monitoring.")) -> Continue monitoring.

Sheet Dashboard
A1: GoBisnix Governance Dashboard
A3: Total Controls | B3: =Checklist!B3 -> 12 | C3: Score Achieved | D3: =Checklist!D3 -> 0 | E3: Maximum Score | F3: =Checklist!F3 -> 24 | G3: Control Strength | H3: =Checklist!H3 -> 0
A6: Governance Maturity | B6: =Checklist!B4 -> Level 1 - Informal controls
A8: Risk Profile | D8: Category Scorecard
A9: High Risk Controls | B9: =COUNTIF(Checklist!D7:D22,"High") -> 0 | D9: Governance Structure | E9: =SUMIF(Checklist!A7:A22,D9,Checklist!F7:F22) -> 0 | F9: =COUNTIF(Checklist!A7:A22,D9)*2 -> 8 | G9: =IF(F9=0,0,E9/F9) -> 0
A10: Medium Risk Controls | B10: =COUNTIF(Checklist!D7:D22,"Medium") -> 0 | D10: Financial Reporting | E10: =SUMIF(Checklist!A7:A22,D10,Checklist!F7:F22) -> 0 | F10: =COUNTIF(Checklist!A7:A22,D10)*2 -> 8 | G10: =IF(F10=0,0,E10/F10) -> 0
A11: Low Risk Controls | B11: =COUNTIF(Checklist!D7:D22,"Low") -> 0 | D11: Payments & Expenses | E11: =SUMIF(Checklist!A7:A22,D11,Checklist!F7:F22) -> 0 | F11: =COUNTIF(Checklist!A7:A22,D11)*2 -> 8 | G11: =IF(F11=0,0,E11/F11) -> 0
A12: No Controls | B12: =COUNTIF(Checklist!C7:C22,"No") -> 0 | D12: Risk Oversight | E12: =SUMIF(Checklist!A7:A22,D12,Checklist!F7:F22) -> 0 | F12: =COUNTIF(Checklist!A7:A22,D12)*2 -> 8 | G12: =IF(F12=0,0,E12/F12) -> 0
A13: Partial Controls | B13: =COUNTIF(Checklist!C7:C22,"Partial") -> 0
A14: Yes Controls | B14: =COUNTIF(Checklist!C7:C22,"Yes") -> 0

Sheet Notes
A1: Notes
A3: This workbook is designed as a self-assessment governance tool for PNG SMEs.
A4: Maturity model and dashboard are intended to support prioritisation, not replace detailed advisory review.
A6: Recommended website download file name: | B6: GoBisnix-Internal-Controls-Governance-Checklist.xlsx
A8: Brand positioning reference: | B8: Independent Financial Governance Advisory for PNG Businesses
